AoeStats
← 小白

Arabia

504961056Analyzed
4v4 RM · 25d ago on Sep 7, 2026· 37m 5s· 8 players
Game mode
Random Map
Map size
Large (8 player)
Population
200
Speed
Normal
Resources
Standard
Victory
Conquest
Starting age
Dark Age
Ending age
Imperial Age
RankedLock teamsTeams togetherTeam positionsShared explorationLock speedFull tech treeHidden civsTurbo modeCheats
Victory
Defeat
🇩🇪 Malay · Germany
2201
+3
🇻🇳 Franks · Vietnam
1940
+9
🇺🇸 Ethiopians · United States
1901
+10
🇩🇴 Goths · Dominican Republic
1826
+13
🇹🇼 Maya · Taiwan
1911
-13
🇹🇼 Ethiopians · Taiwan
1826
-10
🇹🇼 Persians · Taiwan
1773
-8
🇹🇼 Khmer · Taiwan
1625
-4
URU | KING RICO
0:52 Loom
11:21 Feudal Age
12:01 Double-Bit Axe
16:09 Horse Collar
16:41 Fletching
23:42 Castle Age
22:48 Padded Archer Armor
23:50 Crossbowman
24:26 Bodkin Arrow
24:37 Gold Mining
25:21 Ballistics
25:57 Town Watch
26:49 Stone Mining
30:36 Wheelbarrow
30:26 Bow Saw
34:31 Hand Cart
34:43 Squires
34:45 Scale Mail Armor
36:21 Chain Mail Armor
36:34 Forging
37:30 Anarchy
RoR | Benanji
9:26 Loom
11:36 Feudal Age
11:40 Feudal Age
15:07 Castle Age
15:31 Double-Bit Axe
15:30 Horse Collar
19:15 Bow Saw
25:02 Forging
25:32 Squires
25:30 Arson
26:03 Town Watch
29:29 Gold Mining
30:59 Man-at-Arms
38:01 Wheelbarrow
ĐLucky
8:36 Feudal Age
8:12 Loom
9:30 Double-Bit Axe
14:13 Scale Barding Armor
15:39 Forging
22:26 Castle Age
20:31 Gold Mining
23:34 Chain Barding Armor
24:12 Husbandry
25:31 Bow Saw
32:15 Iron Casting
35:56 Wheelbarrow
39:32 Imperial Age
NaiLiu
6:35 Loom
8:58 Feudal Age
12:08 Fletching
16:50 Double-Bit Axe
22:33 Castle Age
21:02 Gold Mining
22:12 Padded Archer Armor
22:08 Horse Collar
22:36 Crossbowman
23:23 Bodkin Arrow
23:36 Town Watch
25:27 Ballistics
27:54 Wheelbarrow
27:37 Bow Saw
33:28 Wheelbarrow
34:42 Leather Archer Armor
37:16 Imperial Age
35:25 Thumb Ring
36:05 Hand Cart
37:54 Gold Shaft Mining
小蜜蜂
5:29 Loom
8:32 Feudal Age
9:20 Double-Bit Axe
12:57 Horse Collar
16:04 Wheelbarrow
17:23 Scale Barding Armor
20:02 Castle Age
18:40 Gold Mining
19:25 Bloodlines
20:10 Forging
20:30 Husbandry
20:51 Bow Saw
24:17 Chain Barding Armor
26:46 Hand Cart
27:53 Heavy Plow
31:00 Iron Casting
Sumi
6:34 Loom
9:28 Feudal Age
10:04 Double-Bit Axe
11:53 Horse Collar
16:27 Scale Barding Armor
18:05 Forging
20:15 Bloodlines
22:53 Wheelbarrow
25:48 Castle Age
24:12 Gold Mining
26:31 Husbandry
26:52 Chain Barding Armor
36:03 Bow Saw
ANKR.Tank20089
6:04 Loom
8:55 Feudal Age
10:09 Double-Bit Axe
17:18 Fletching
21:02 Castle Age
20:09 Padded Archer Armor
21:04 Crossbowman
21:40 Bodkin Arrow
24:55 Leather Archer Armor
25:30 Ballistics
25:23 Town Watch
26:14 Wheelbarrow
26:51 Bow Saw
31:20 Town Watch
小白
0:25 Loom
8:50 Feudal Age
9:28 Double-Bit Axe
14:14 Fletching
25:01 Castle Age
24:35 Padded Archer Armor
25:18 Crossbowman
31:27 Bodkin Arrow
36:07 Leather Archer Armor
Connection lost

Rejoining the realm…

Still unreachable

The connection could not be restored.

Session expired

The server has moved on; the page needs a fresh start.